AoeStats
← Bigcityboydn_™

Arabia

508613576Analyzed
1v1 RM · 10d ago on Sep 23, 2026· 36m 21s· 2 players
Game mode
Random Map
Map size
Tiny (2 player)
Population
200
Speed
Normal
Resources
Standard
Victory
Conquest
Starting age
Dark Age
Ending age
Imperial Age
RankedLock teamsTeams togetherTeam positionsShared explorationLock speedFull tech treeHidden civsTurbo modeCheats
Victory
Defeat
🇨🇳 Saracens · China
1625
+16
🇦🇷 Berbers · Argentina
1625
-16
Bigcityboydn_™
5:53 Loom
8:38 Feudal Age
9:33 Double-Bit Axe
14:06 Wheelbarrow
19:23 Castle Age
17:15 Gold Mining
17:26 Horse Collar
17:46 Fletching
19:42 Bloodlines
19:45 Town Watch
20:16 Bodkin Arrow
22:39 Wheelbarrow
22:33 Bow Saw
23:07 Husbandry
25:10 Heavy Plow
25:52 Padded Archer Armor
26:45 Scale Barding Armor
27:33 Scale Barding Armor
29:07 Chain Barding Armor
30:12 Forging
37:28 Imperial Age
Ztou9
6:09 Loom
9:19 Feudal Age
9:48 Double-Bit Axe
9:51 Horse Collar
18:08 Castle Age
16:49 Gold Mining
18:11 Scale Barding Armor
23:37 Bow Saw
25:24 Husbandry
25:53 Fletching
28:15 Wheelbarrow
30:24 Imperial Age
27:54 Town Watch
28:12 Stone Mining
29:12 Gold Shaft Mining
29:11 Bloodlines
29:24 Chain Barding Armor
30:11 Forging
29:57 Bodkin Arrow
30:39 Hand Cart
30:27 Heavy Camel Rider
31:51 Plate Barding Armor
34:42 Iron Casting
36:19 Bimaristan
Connection lost

Rejoining the realm…

Still unreachable

The connection could not be restored.

Session expired

The server has moved on; the page needs a fresh start.